 Dungeon Crawl Stone Soup version 0.30.1 (webtiles) character file.

Game seed: 780878584757119303

46 Heoruswealwe the Shooter (level 3, 0/52 HPs)
             Began as a Gnoll Wanderer on July 10, 2023.
             Slain by Sigmund
             ... wielding a +3 scythe of protection
              (5 damage)
             ... on level 2 of the Dungeon.
             The game lasted 00:10:11 (1019 turns).

Heoruswealwe the Shooter (Gnoll Wanderer)           Turns: 1019, Time: 00:10:11

Health: 0/52       AC: 21    Str:  8    XL:     3   Next: 68%
Magic:  5/7        EV:  2    Int: 12    God:
Gold:   72         SH:  0    Dex: 15    Spells: 1/7 levels left

rFire   . . .        a - +1 shortbow
rCold   . . .        (shield currently unavailable)
rNeg    . . .        c - melded +0 robe
rPois   +            (helmet currently unavailable)
rElec   .            (cloak currently unavailable)
rCorr   .            (gloves currently unavailable)
SInv    .            (boots currently unavailable)
Will    .....        (no amulet)
Stlth   ++           (no ring)
HPRegen 0.28/turn    (no ring)
MPRegen 0.10/turn

%: no passive effects
@: tree-form
A: stationary, stasis, torment immunity, boosted hp, (fangs 1), strong nose,
distributed training
a: no special abilities


You were on level 2 of the Dungeon.
You were a tree.
You visited 1 branch of the dungeon, and saw 2 of its levels.

You collected 72 gold pieces.

Inventory:

Hand Weapons
 a - a +1 shortbow (weapon)
Armour
 c - a +0 robe (melded)
Magical Staves
 r - a staff of poison
Scrolls
 d - a scroll of identify
 e - a scroll of enchant weapon {unknown}
 h - a scroll of teleportation
 j - a scroll of noise {unknown}
Potions
 f - 2 potions of curing {unknown}
 g - a potion of mutation {unknown}
 i - a potion of heal wounds {unknown}


   Skills:
 + Level 6.5 Fighting
 + Level 1.0 Short Blades
 + Level 1.0 Long Blades
 + Level 1.0 Axes
 + Level 1.0 Maces & Flails
 + Level 1.0 Polearms
 + Level 1.0 Staves
 + Level 6.5 Ranged Weapons
 + Level 1.0 Throwing
 + Level 1.0 Armour
 + Level 1.0 Dodging
 + Level 1.0 Stealth
 + Level 1.0 Shields
 + Level 1.0 Unarmed Combat
 + Level 2.9 Spellcasting
 + Level 0.7 Conjurations
 + Level 0.7 Hexes
 + Level 0.7 Summonings
 + Level 0.7 Necromancy
 + Level 5.4 Translocations
 + Level 0.7 Transmutations
 + Level 0.7 Fire Magic
 + Level 0.7 Ice Magic
 + Level 0.7 Air Magic
 + Level 0.7 Earth Magic
 + Level 0.7 Poison Magic
 + Level 1.0 Invocations
 + Level 1.0 Evocations


You had one spell level left.
You knew the following spells:

 Your Spells              Type           Power      Damage    Failure   Level
a - Blink                 Tloc           28%        N/A       4%          2
b - Momentum Strike       Conj/Tloc      18%        3d8       11%         2
z - Passwall              Tmut/Erth      2%         N/A       28%         2

Your spell library contained the following spells:

 Spells                   Type           Power      Damage    Failure   Level
 Ensorcelled Hibernation  Hex/Ice        6%         N/A       28%         2
 Swiftness                Air            3%         N/A       50%         3


Dungeon Overview and Level Annotations

Branches:
Dungeon (2/15)

Altars:

Annotations:
D:2 Sigmund


Innate Abilities, Weirdness & Mutations

You are a tree.
Your roots penetrate the ground, keeping you stationary.
You cannot be teleported.
You are immune to unholy pain and torment.
Your maximum health is greatly increased.
Your equipment is partially melded.
((You have very sharp teeth.))
Your uncanny sense of smell can sniff out nearby items.
Your experience applies equally to all skills.


Message History

Sigmund shouts!
You shoot an arrow.
The arrow hits Sigmund but does no damage.
Sigmund points at you and mumbles some strange words.
You are confused.
You shoot an arrow. You shoot an arrow. You shoot an arrow.
Sigmund barely misses you.
You shoot an arrow. You shoot an arrow. Sigmund gestures at you while chanting.
You are more confused.
Sigmund barely misses you.
You shoot an arrow.
An adder comes into view.
You shoot an arrow. The adder hisses angrily.
Sigmund hits you from afar with a +3 scythe of protection!
You shoot an arrow.
Sigmund hits you from afar with a +3 scythe of protection.
You shoot an arrow.
Sigmund hits you from afar with a +3 scythe of protection.
You shoot an arrow. You shoot an arrow. The arrow misses Sigmund.
You feel less confused. The adder bites you.
Sigmund casts a spell.
Sigmund flickers and vanishes!
Deactivating autopickup; reactivate with Ctrl-A.
The adder completely misses you. Something hits you.
Cast which spell? (? or * to list)
You blink.
Something hits you!
* * * LOW HITPOINT WARNING * * *
Really quaff the potion of lignification?
You turn into a tree.
Your +0 robe melds into your body.
Your roots penetrate the ground.
You feel stable enough to blink again. Something hits you.
You die...

#..###...........
##'## #######.....
#)..## ...#.....
#...+.### #.#.....
#...#.... #.......
#...#....####.#..#
#...........#.#..#
#S####.##.....#..#
#♣# #.†....#..#
#.#.# ##...###..#
..#.... #.#>.....#
#..####.##.######.#
##.# .#.........
#.. #########. ###
#. #. #.


You could see an adder.

Vanquished Creatures
  A dart slug (D:2)
  3 ball pythons (D:1)
  5 endoplasms
  2 giant cockroaches
  4 goblins
  4 hobgoblins (D:1)
  3 jackals (D:1)
  2 kobolds
  5 quokkas
  2 bats (D:1)
  3 frilled lizards (D:1)
  3 rats (D:1)
37 creatures vanquished.

Notes
Turn   | Place    | Note
-------+----------+-------------------------------------------
     0 | D:1      | Heoruswealwe the Gnoll Wanderer began the quest for the
                  | Orb.
     0 | D:1      | Heoruswealwe set off with the following items: a +1
                  | shortbow, a potion of lignification, a +0 robe; and the
                  | following spells available to memorise: Blink, Momentum
                  | Strike.
     0 | D:1      | Reached XP level 1. HP: 23/23 MP: 4/4
    86 | D:1      | Reached XP level 2. HP: 26/29 MP: 5/5
   363 | D:1      | Reached XP level 3. HP: 35/35 MP: 7/7
   478 | D:1      | Learned a level 2 spell: Blink
   481 | D:1      | Learned a level 2 spell: Momentum Strike
   551 | D:1      | Reached skill level 1 in Invocations
   915 | D:2      | Learned a level 2 spell: Passwall
   982 | D:2      | Reached skill level 1 in Short Blades
   982 | D:2      | Reached skill level 1 in Long Blades
   982 | D:2      | Reached skill level 1 in Axes
   982 | D:2      | Reached skill level 1 in Maces & Flails
   982 | D:2      | Reached skill level 1 in Polearms
   982 | D:2      | Reached skill level 1 in Staves
   982 | D:2      | Reached skill level 1 in Throwing
   982 | D:2      | Reached skill level 1 in Armour
   982 | D:2      | Reached skill level 1 in Dodging
   982 | D:2      | Reached skill level 1 in Stealth
   982 | D:2      | Reached skill level 1 in Shields
   982 | D:2      | Reached skill level 1 in Unarmed Combat
   982 | D:2      | Reached skill level 1 in Evocations
  1000 | D:2      | Noticed Sigmund
  1019 | D:2      | Slain by Sigmund

Illustrated notes

Levels and vault maps discovered:
D:1:      dpeg_arrival_shrine, layout_loops_ring
D:2:      minmay_inner_zag, layout_basic, serial_co_window_serial,
          co_window_paths_a, co_window_paths_b, co_window_corner_a,
          co_window_paths_b, co_window_of_opportunity_a, co_window_paths_a,
          co_window_corner_a, co_window_of_opportunity_a,
          co_window_of_opportunity_a, co_window_of_opportunity_b,
          co_window_of_opportunity_c, co_window_corner_cb,
          co_window_unsneaky_path_c, glass_columns_c, glass_columns_a,
          chequers_garden, minmay_tiny_reverse_x, uniq_sigmund

Skill      XL: |  1  2  3 |
---------------+----------+-----
Invocations    | 1 |  1.0
Short Blades   | 1 |  1.0
Long Blades    | 1 |  1.0
Axes           | 1 |  1.0
Maces & Flails | 1 |  1.0
Polearms       | 1 |  1.0
Staves         | 1 |  1.0
Throwing       | 1 |  1.0
Armour         | 1 |  1.0
Dodging        | 1 |  1.0
Stealth        | 1 |  1.0
Shields        | 1 |  1.0
Unarmed Combat | 1 |  1.0
Evocations     | 1 |  1.0
Fighting       | |  6.5
Ranged Weapons | |  6.5
Spellcasting   | |  2.9
Conjurations   | |  0.7
Hexes          | |  0.7
Summonings     | |  0.7
Necromancy     | |  0.7
Translocations | |  5.4
Transmutations | |  0.7
Fire Magic     | |  0.7
Ice Magic      | |  0.7
Air Magic      | |  0.7
Earth Magic    | |  0.7
Poison Magic   | |  0.7

Action                     || total
---------------------------++-------
   Fire: Shortbow          ||    93
   Cast: Blink             ||     1
    Use: Scroll            ||     2
         Potion            ||     1
 Armour: Robe              ||     5
  Dodge: Dodged            ||    27
